 Dungeon Crawl Stone Soup version 0.24.0-37-gcf1ca852f1 (webtiles) character file.

Game seed: 3569199490283851527, levelgen mode: deterministic

676 Kobolds4U the Cutter (level 7, 0/43 HPs)
             Began as a Deep Elf Conjurer on Dec 6, 2019.
             Was an Initiate of Qazlal.
             Slain by a crimson imp (4 damage)
             ... summoned by Eustachio
             ... on level 4 of the Dungeon.
             The game lasted 00:17:41 (4708 turns).

Kobolds4U the Cutter (Deep Elf Conjurer)            Turns: 4708, Time: 00:17:41

Health: 0/43       AC:  4    Str:  7    XL:     7   Next: 33%
Magic:  3/16       EV: 13    Int: 20    God:    Qazlal [......]
Gold:   170        SH:  0    Dex: 15    Spells: 6/16 levels left

rFire    + . .     SeeInvis .   v - +0 scimitar
rCold    . . .     Gourm    .   (no shield)
rNeg     . . .     Faith    .   a - +0 robe
rPois    .         Spirit   .   s - +0 helmet
rElec    .         Reflect  .   (no cloak)
rCorr    .         Harm     .   j - +0 pair of gloves
MR       .....                  (no boots)
Stlth    ++........             (no amulet)
HPRegen  0.14/turn              q - ring of protection from fire
MPRegen  0.15/turn              u - ring of wizardry

@: very slightly contaminated
A: no striking features
a: Renounce Religion


You were on level 4 of the Dungeon.
You worshipped Qazlal.
Qazlal was noncommittal.
You were not hungry.

You visited 1 branch of the dungeon, and saw 5 of its levels.

You collected 170 gold pieces.

Inventory:

Hand Weapons
 e - a +0 dagger
 n - a +0 short sword
 v - a +0 scimitar (weapon)
Missiles
 w - 2 boomerangs (quivered)
Armour
 a - a +0 robe (worn)
 j - a +0 pair of gloves (worn)
 s - a +0 helmet (worn)
Jewellery
 l - an uncursed ring of resist corrosion
 q - a ring of protection from fire (left hand)
 u - a ring of wizardry (right hand)
Scrolls
 b - 3 scrolls of remove curse {unknown}
 f - 3 scrolls of fear {unknown}
 g - 4 scrolls of enchant weapon {unknown}
 i - a scroll of teleportation {unknown}
 m - 3 scrolls of identify {unknown}
 o - a scroll of random uselessness {unknown}
 p - 2 scrolls of blinking {unknown}
 r - a scroll of immolation {unknown}
Potions
 d - a potion of berserk rage
 h - a potion of curing {unknown}
 k - 2 potions of brilliance
 t - a potion of flight {unknown}
Comestibles
 c - 6 rations


   Skills:
 - Level 4.0 Fighting
 * Level 5.2 Short Blades
 - Level 2.4 Dodging
 - Level 2.4 Stealth
 - Level 5.1 Spellcasting
 - Level 4.3 Conjurations


You had 6 spell levels left.
You knew the following spells:

 Your Spells              Type           Power        Failure   Level  Hunger
a - Magic Dart            Conj           ###.         1%          1    None
b - Searing Ray           Conj           ###...       1%          2    None
c - Dazzling Spray        Conj/Hex       ##....       6%          3    ##.....
d - Force Lance           Conj/Tloc      ##......     19%         4    ####...

Your spell library contained the following spells:

 Spells                   Type           Power        Failure   Level  Hunger
 Iskenderun's Mystic Bla  Conj           ###.....     8%          4    ####...
 Fulminant Prism          Conj/Hex       ##........   19%         4    ####...


Dungeon Overview and Level Annotations

Branches:
Dungeon (5/15)             Temple (0/1) D:4

Altars:
Nemelex Xobeh
Qazlal
Trog
Wu Jian

Annotations:
D:4 Eustachio


Message History

The crimson imp hits you but does no damage.
Eustachio hits you but does no damage.
Casting: Dazzling Spray (safe; 6% risk of failure)
Confirm with . or Enter, or press ? or * to list all spells.
Aiming: Searing Ray (safe; 1% risk of failure)
Press: ? - help, Shift-Dir - straight line, f/p - Eustachio
Aim: Eustachio, wielding a +0 falchion, wearing a +2 leather armour of positive energy and wearing a +3 ring of protection (severely wounded)
The searing ray misses Eustachio. (Press . to maintain the ray.)
The white imp gestures at you. The puff of frost hits you!
* * * LOW HITPOINT WARNING * * *
The crimson imp misses you. The crimson imp closely misses you.
You riposte.
You closely miss the crimson imp.
The searing ray hits Eustachio.
Eustachio is almost dead.
The white imp disappears in a puff of smoke!
Eustachio mumbles some strange words.
The crimson imp hits you.
You die...

###### ####### #....# #.....#
#....# #.###.#########....###
#.#...................
#########.#>5.5......##....###
#.........#.#@######..#....#
#.###.###...#@r5..###########
#.#°...§#########'###..###..##
#.#.....#######....###.##.##.#
#...._.)......+.....#.##.##.#_
###.....#######....#.##.##.###
#☼...°# #....##..###..##
###.### #.....########## #.#.#
#.....##........


You could see Eustachio, 3 crimson imps and a rat.

Vanquished Creatures
  An ogre (D:4)
  A bullfrog (D:3)
  A jelly (D:5)
  A hound (D:3)
  2 orc wizards
  3 bullfrog skeletons
  2 orc priests (D:4)
  Jessica (D:2)
  Natasha (thrice) (D:2)
  Robin (D:2)
  6 adders
  A worm (D:4)
  2 dart slugs
  3 leopard geckos
  7 orcs
  2 ball pythons
  A giant cockroach (D:2)
  12 hobgoblins
  5 jackals
  10 kobolds
  A quokka (D:4)
  9 bats
  2 frilled lizards (D:1)
  14 goblins
  9 rats
100 creatures vanquished.

Notes
Turn   | Place    | Note
-------+----------+-------------------------------------------
     0 | D:1      | Kobolds4U the Deep Elf Conjurer began the quest for the
                  | Orb.
     0 | D:1      | Reached XP level 1. HP: 10/10 MP: 6/6
   156 | D:1      | Reached skill level 1 in Fighting
   175 | D:1      | Reached XP level 2. HP: 12/16 MP: 4/8
   693 | D:1      | Reached XP level 3. HP: 21/21 MP: 7/10
   978 | D:2      | Found a bloodstained altar of Trog.
  1043 | D:2      | Reached XP level 4. HP: 13/27 MP: 0/12
  1292 | D:2      | Noticed Jessica
  1299 | D:2      | Learned a level 2 spell: Searing Ray
  1303 | D:2      | Learned a level 3 spell: Dazzling Spray
  1308 | D:2      | Learned a level 4 spell: Force Lance
  1321 | D:2      | Killed Jessica
  1555 | D:2      | Reached skill level 1 in Short Blades
  1710 | D:2      | Found a sparkling altar of Nemelex Xobeh.
  1710 | D:2      | Noticed Natasha
  1716 | D:2      | Killed Natasha
  1716 | D:2      | Reached XP level 5. HP: 25/32 MP: 6/13
  1853 | D:2      | Noticed Natasha
  1871 | D:2      | Killed Natasha
  1958 | D:2      | Noticed Robin
  1967 | D:2      | Killed Robin
  2014 | D:2      | Noticed Natasha
  2111 | D:2      | Killed Natasha
  2599 | D:3      | Reached skill level 5 in Spellcasting
  2599 | D:3      | Reached XP level 6. HP: 26/37 MP: 7/15
  3366 | D:4      | Found a stormy altar of Qazlal.
  3381 | D:4      | Became a worshipper of Qazlal Stormbringer
  3632 | D:4      | Reached XP level 7. HP: 29/43 MP: 9/16
  4022 | D:4      | Found a staircase to the Ecumenical Temple.
  4099 | D:4      | Found an ornate altar of the Wu Jian Council.
  4191 | D:4      | Noticed a moth of wrath
  4193 | D:4      | Found a bloodstained altar of Trog.
  4397 | D:5      | Entered Level 5 of the Dungeon
  4403 | D:5      | Noticed Eustachio
  4460 | D:5      | Reached skill level 5 in Short Blades
  4708 | D:4      | Slain by a crimson imp

Levels and vault maps discovered:
D:1:      dpeg_arrival_stone_temple_mockup, layout_rooms, corexii_corridor_pit,
          minivault_11, minmay_tromino_v4_a
D:2:      layout_basic, nemelex_xobeh_ov_fountains_minmay,
          trog_three_pillars_becter, uniq_robin, uniq_natasha, uniq_jessica
D:3:      layout_rooms
D:4:      layout_basic, marbit_many_paths, tgw_trog, minmay_temple_entry_fiery,
          first_ration, grunt_qazlal_clouds
D:5:      gammafunk_cloud_chamber, layout_gridville, vehumet_statue,
          uniq_eustachio

Skill      XL: |  1  2  3  4  5  6  7 |
---------------+----------------------+-----
Fighting       | 1 2 3 4 |  4.0
Spellcasting   | 4 5 |  5.1
Short Blades   | 1 2 4 5 |  5.2
Dodging        | |  2.4
Stealth        | |  2.4
Conjurations   | |  4.3

Action                   |  1- 3 |  4- 6 |  7- 9 || total
-------------------------+-------+-------+-------++-------
Melee: Dagger            |     2 |    37 |       ||    39
       Scimitar          |       |       |    10 ||    10
 Cast: Magic Dart        |    57 |    75 |    54 ||   186
       Searing Ray       |       |    10 |     5 ||    15
       Dazzling Spray    |       |     8 |     3 ||    11
  Use: Potion            |       |     2 |       ||     2
 Stab: Sleeping          |     2 |     1 |     1 ||     4
       Invisible         |       |       |     1 ||     1
  Eat: Chunk             |       |     8 |     2 ||    10
       Ration            |       |       |     1 ||     1
Armor: Robe              |     1 |    10 |    15 ||    26
Dodge: Dodged            |     5 |    42 |    46 ||    93
       Rpst.: Scimitar   |       |       |    14 ||    14
